 Dungeon Crawl Stone Soup version 0.29.0-15-g675c0067aa (webtiles) character file.

Game seed: 3057223430724800634

199604 sentinel the Eclecticist (level 17, -17/139 HPs)
             Began as a Mummy Wanderer on Sept 11, 2022.
             Was the Champion of Kikubaaqudgha.
             Demolished by a merfolk impaler
             ... wielding a +2 demon trident of freezing
              (24 damage)
             ... on level 4 of the Shoals.
             The game lasted 02:52:56 (14966 turns).

sentinel the Eclecticist (Mummy Wanderer)          Turns: 14966, Time: 02:52:56

Health: -17/139    AC: 13    Str: 12    XL:     17   Next: 85%
Magic:  6/39       EV: 13    Int: 29    God:    Kikubaaqudgha [******]
Gold:   754        SH:  8    Dex: 11    Spells: 8/52 levels left

rFire   + . .      SeeInvis .   j - staff of air {!a}
rCold   . . .      Faith    .   y - +2 buckler {reflect}
rNeg    + + +      Spirit   .   S - +1 leather armour {rF+}
rPois   ∞          Reflect  +   q - +2 helmet
rElec   +          Harm     .   d - +0 cloak
rCorr   .          Rampage  .   w - +2 pair of gloves
Will    ++...                   g - +0 pair of boots {Fly}
Stlth   +.........              c - amulet of magic regeneration
HPRegen 0.33/turn               O - +6 ring of intelligence
MPRegen 0.66/turn               n - ring of fire

@: death channelling, flying, studying Fighting
A: cold resistance 1, negative energy resistance 3, torment resistance 2, heat
vulnerability 1, in touch with death 2, no potions
}: 1/15 runes: serpentine
a: Renounce Religion, Unearth Wretches, Torment


You were on level 4 of the Shoals.
You worshipped Kikubaaqudgha.
Kikubaaqudgha was exalted by your worship.
You visited 6 branches of the dungeon, and saw 29 of its levels.

You collected 1967 gold pieces.
You spent 1213 gold pieces at shops.

Inventory:

Hand Weapons
 i - a +1 dagger of venom
 k - a +0 sling
 R - a +0 rapier of electrocution
Missiles
 G - 22 boomerangs
 K - a throwing net
 M - 7 silver javelins
Armour
 d - a +0 cloak (worn)
 e - the +2 helmet "Oronigho" {*Corrode Slay+2 SInv}
   (You bought it in a shop on level 12 of the Dungeon)

   Slay:      It affects your accuracy & damage with ranged weapons and melee
   (+2).
   SInv:      It lets you see invisible.
   *Corrode:  It may corrode you when you take damage.
 g - a +0 pair of boots of flying (worn)
 h - a scarf of repulsion
 q - a +2 helmet (worn)
 w - a +2 pair of gloves (worn)
 y - a +2 buckler of reflection (worn)
 B - +0 acid dragon scales
 F - the +3 ring mail of the Thirteen Shrikes {Dex+8}
   (You found it on level 5 of the Dungeon)

   Dex:       It affects your dexterity (+8).
 S - a +1 leather armour of fire resistance (worn)
 W - a +0 troll leather armour
 Y - the +1 helmet "Sinu" {Rampage}
   (You found it on level 1 of the Snake Pit)

   Rampage:   It bestows one free step when moving towards enemies.
 Z - a scarf of invisibility
Magical Staves
 j - a staff of air (weapon) {!a}
 T - a staff of earth {!a}
Jewellery
 a - a ring of magical power
 c - an amulet of magic regeneration (around neck)
 l - a ring of flight
 n - a ring of fire (right hand)
 o - a ring of willpower
 p - the ring of Gozag's Delight {Fire Will- rCorr Dex+3}
   (You found it on level 3 of the Shoals)

   [ring of fire]

   It enhances your fire magic.
   Dex:       It affects your dexterity (+3).
   rF:        It protects you from fire.
   rC:        It makes you vulnerable to cold.
   rCorr:     It protects you from acid and corrosion.
   Will:      It decreases your willpower.
 s - a +6 ring of intelligence
 v - a +4 ring of evasion
 E - the ring "Fets" {Fly rC+ rN+++ Str-4 Dex-3}
   (You found it on level 8 of the Dungeon)

   [ring of protection from cold]

   Str:       It affects your strength (-4).
   Dex:       It affects your dexterity (-3).
   rC:        It protects you from cold.
   rN:        It renders you almost immune to negative energy.
   Fly:       It grants you flight.
 O - a +6 ring of intelligence (left hand)
Wands
 A - a wand of light (9)
 D - a wand of digging (5)
 V - a wand of flame (19)
 X - a wand of charming (2)
Scrolls
 b - a scroll of summoning
 f - 5 scrolls of fog
 m - 4 scrolls of poison
 r - 18 scrolls of identify
 t - 3 scrolls of teleportation
 u - a scroll of magic mapping
 x - 2 scrolls of fear
 z - 3 scrolls of blinking
 C - 2 scrolls of amnesia
 H - 2 scrolls of brand weapon
 I - a scroll of enchant weapon
 J - 2 scrolls of immolation
 L - a scroll of torment
 N - a scroll of acquirement
 Q - 2 scrolls of vulnerability
Miscellaneous
 P - a lightning rod (4/4)
 U - a phial of floods


   Skills:
 - Level 14.0 Fighting
 - Level 4.0 Short Blades
 - Level 6.0 Armour
 - Level 6.0 Dodging
 + Level 9.5 Shields
 - Level 18.0 Spellcasting
 - Level 6.0 Conjurations
 - Level 2.0 Hexes
 - Level 7.2 Summonings
 - Level 12.0 Necromancy
 - Level 2.4 Translocations
 - Level 3.9 Fire Magic
 - Level 9.0 Ice Magic
 - Level 6.0 Air Magic
 - Level 5.0 Earth Magic
 - Level 2.0 Poison Magic
 - Level 7.0 Evocations


You had 8 spell levels left.
You knew the following spells:

 Your Spells              Type           Power      Damage    Failure   Level
a - Summon Small Mammal   Summ           100%       N/A       1%          1
b - Anguish               Hex/Necr       50%        N/A       1%          4
c - Passwall              Tmut/Erth      33%        N/A       1%          2
d - Simulacrum            Ice/Necr       57%        N/A       4%          6
e - Swiftness             Air            74%        N/A       1%          3
f - Death Channel         Necr           60%        N/A       2%          6
g - Apportation           Tloc           80%        N/A       1%          1
h - Ozocubu's Armour      Ice            67%        N/A       1%          3
i - Freezing Cloud        Conj/Ice/Air   39%        6-21      3%          5
w - Borgnjor's Vile Clut  Necr/Erth      53%        N/A       1%          5
E - Animate Dead          Necr           100%       N/A       1%          4
L - Summon Lightning Spi  Summ/Air       77%        N/A       1%          4

Your spell library contained the following spells:

 Spells                   Type           Power      Damage    Failure   Level
 Magic Dart               Conj           100%       1d8       1%          1
 Necrotise                Necr           100%       1d9       1%          1
 Call Imp                 Summ           61%        N/A       1%          2
 Ensorcelled Hibernation  Hex/Ice        100%       N/A       1%          2
 Mephitic Cloud           Conj/Pois/Air  68%        N/A       1%          3
 Summon Guardian Golem    Hex/Summ       52%        N/A       1%          3
 Vampiric Draining        Necr           100%       2d13      1%          3
 Corpse Rot               Necr/Pois/Air  100%       N/A       1%          4
 Summon Ice Beast         Ice/Summ       65%        N/A       1%          4
 Agony                    Necr           100%       N/A       1%          5
 Lesser Beckoning         Tloc           40%        N/A       2%          3
 Ignite Poison            Fire/Tmut/Pois 54%        N/A       3%          3
 Tukima's Dance           Hex            37%        N/A       3%          3
 Fulminant Prism          Conj/Hex       24%        3d13      4%          4
 Iskenderun's Mystic Bla  Conj/Tloc      50%        2d11      4%          4
 Leda's Liquefaction      Hex/Erth       23%        N/A       6%          4
 Lightning Bolt           Conj/Air       37%        1d55      6%          5
 Metabolic Englaciation   Hex/Ice        27%        N/A       7%          5
 Lee's Rapid Deconstruct  Erth           26%        3d15*     9%          5
 Passage of Golubria      Tloc           40%        N/A       10%         4
 Summon Mana Viper        Hex/Summ       52%        N/A       11%         5
 Conjure Ball Lightning   Conj/Air       37%        3x3d12    32%         6
 Haunt                    Necr/Summ      55%        N/A       38%         7
 Alistair's Intoxication  Tmut/Pois      20%        N/A       41%         5
 Yara's Violent Unravell  Hex/Tmut       15%        3d8       41%         5
 Monstrous Menagerie      Summ           30%        N/A       73%         7
 Infestation              Necr           60%        N/A       75%         8
 Malign Gateway           Summ/Tloc      26%        N/A       96%         7
 Enfeeble                 Hex            18%        N/A       100%        7
 Maxwell's Capacitive Co  Air            37%        ∞         100%        8
 Summon Horrible Things   Summ           30%        N/A       100%        8
 Ice Form                 Ice/Tmut       Unusable   N/A       N/A         4
 Statue Form              Tmut/Erth      Unusable   N/A       N/A         6
 Storm Form               Tmut/Air       Unusable   N/A       N/A         7

Dungeon Overview and Level Annotations

Branches:
Dungeon (13/15) Zot: 26415  Temple (1/1) D:6 Zot: 5855    Lair (5/5) D:8 Zot: 25529
 Shoals (4/4) Lair:2 Zot: 22563   Snake (4/4) Lair:3 Zot: 22251   Slime (0/5) Lair:5
    Orc (2/2) D:12 Zot: 10597     Elf (0/3) Orc:2
 Vaults: D:13-14

Altars:
Ashenzari
Cheibriados
Dithmenos
Fedhas
Gozag
Hepliaklqana
Kikubaaqudgha
Makhleb
Nemelex Xobeh
Okawaru
Qazlal
Ru
Sif Muna
Trog
Uskayaw
Vehumet
Wu Jian
Xom
Yredelemnul
Jiyva

Shops:
D:4 [   D:12 *[[   Orc:2 :[=!   Snake:3 [

Annotations:
D:11 2 runed translucent doors
Shoals:4 Mara
Orc:2 2 transporters, Aldia's ghost, journeyman KoDe


Innate Abilities, Weirdness & Mutations

You are immune to poison.
Your flesh is cold resistant. (rC+)
You are immune to negative energy. (rN+++)
You are immune to unholy pain and torment.
You are vulnerable to heat. (rF-)
You are strongly in touch with the powers of death.
You do not drink.


Message History

Your merfolk aquamancer simulacrum hits Kehicw's ghost.
Your merfolk aquamancer simulacrum freezes Kehicw's ghost!!
Kehicw's ghost resists.
Kehicw's ghost is destroyed!
Kikubaaqudgha accepts your kill.
The merfolk hits your snapping turtle with a +0 trident!
A merfolk comes into view. It is wielding a +0 trident.
Your snapping turtle barely misses the merfolk.
Your harpy simulacrum closely misses the merfolk.
Your harpy simulacrum claws the merfolk.
Your harpy simulacrum freezes the merfolk!!
Your harpy simulacrum claws the merfolk!
Your harpy simulacrum freezes the merfolk!!
The merfolk dies!
Kikubaaqudgha accepts your kill.
Your faun zombie hits the merfolk avatar!
Your snapping turtle bites the sea snake from afar!
Your sea snake simulacrum misses the merfolk avatar.
Your sea snake simulacrum bites the merfolk avatar!
Your sea snake simulacrum freezes the merfolk avatar!!
You feel your willpower return.
The sentinel's mark upon you fades away.
Your harpy simulacrum completely misses the sea snake.
Your harpy simulacrum claws the sea snake.
Your harpy simulacrum freezes the sea snake!!
The sea snake seems to slow down.
The sea snake bites your manticore zombie.
Your harpy simulacrum claws the sea snake!
Your harpy simulacrum freezes the sea snake!!
The sea snake seems to slow down.
Your harpy simulacrum barely misses the sea snake.
Your snapping turtle bites the sea snake from afar.
Your sea snake simulacrum bites the merfolk!
Your sea snake simulacrum freezes the merfolk!!
Your manticore zombie bites the sea snake!
The sea snake dies!
Kikubaaqudgha accepts your kill.
You see here the +1 pair of boots "Qazej" {Str+5 Int-5 Dex+5}.
Something bites your manticore zombie!
Casting: Borgnjor's Vile Clutch (mildly dangerous; 1% risk of failure)
Confirm with . or Enter, or press ? or * to list all spells.
You feel a strong surge of power!
Malign forces permeate your being, awaiting release.
Something bites your manticore zombie!!
Your manticore zombie is destroyed!
What are your orders? t - Shout!
Orders for allies: a - Attack new target. r - Retreat! s - Stop attacking. g - Guard the area. f - Follow me.
Anything else - Cancel.
Gang up on whom?
Press: ? - help, Dir - move target, f - merfolk avatar
Aim: a merfolk avatar (heavily wounded) Attack!
The merfolk avatar chants a haunting song.
You are mesmerised by the merfolk avatar!
Your sea snake simulacrum bites the merfolk avatar!
Your sea snake simulacrum freezes the merfolk avatar!!
The merfolk avatar chants its luring song.
Your sea snake simulacrum bites the merfolk avatar!
You are no longer entranced.
The merfolk avatar dies!
Kikubaaqudgha accepts your kill.
A merfolk javelineer comes into view.
It is wielding a +4 spear of flaming and quivering silver javelins.
The snapping turtle bites your merfolk aquamancer simulacrum!
Your merfolk aquamancer simulacrum vaporises!
Something bites your sea snake simulacrum!
A merfolk siren comes into view. It is wielding a +0 trident.
The merfolk hits your sea snake simulacrum with a +0 trident!!
Your sea snake simulacrum vaporises!
The merfolk javelineer throws a silver javelin.
The silver javelin pierces through your faun zombie!!
You hear a shout!
The snapping turtle bites your sea snake simulacrum!!
A merfolk javelineer comes into view. It is wielding a +0 spear.
The merfolk hits your sea snake simulacrum from afar with a +0 trident!
Your sea snake simulacrum vaporises!
Something bites your faun zombie!!
The merfolk shouts!
A merfolk aquamancer comes into view. It is wielding a +4 rapier of speed.
Your harpy simulacrum claws the snapping turtle but does no damage. x2
The snapping turtle bites your harpy simulacrum!
Your harpy simulacrum vaporises!
The merfolk javelineer hits your faun zombie with a +0 spear.
Your faun zombie hits the snapping turtle.
You hear a loud "Zot"!
Something bites your faun zombie.
Casting: Death Channel (dangerous; 2% risk of failure)
Confirm with . or Enter, or press ? or * to list all spells.
You don't have enough magic to cast this spell.
Unknown command.
As you read the scroll of teleportation, it crumbles to dust.
You feel strangely unstable.
Your harpy simulacrum barely misses the snapping turtle.
Your harpy simulacrum claws the snapping turtle.
Your harpy simulacrum freezes the snapping turtle!
The snapping turtle seems to slow down.
Your harpy simulacrum claws the snapping turtle!
Your harpy simulacrum freezes the snapping turtle!!
The snapping turtle seems to slow down.
Your harpy simulacrum claws the snapping turtle but does no damage.
The merfolk aquamancer hits your faun zombie with a +4 rapier of speed!
Your faun zombie is destroyed!
The snapping turtle barely misses your harpy simulacrum.
The merfolk hits your merfolk zombie with a +0 trident!!
A snapping turtle comes into view.
The merfolk siren chants a haunting song.
You easily resist.
Your harpy simulacrum claws the snapping turtle!
The snapping turtle dies!
Kikubaaqudgha accepts your kill.
A glowing mist starts to gather...
Your harpy simulacrum claws the merfolk siren but does no damage.
Your harpy simulacrum claws the merfolk siren.
Your harpy simulacrum freezes the merfolk siren!
The merfolk javelineer throws a javelin.
The javelin pierces through your spectral snapping turtle but does no damage.
The javelin pierces through you!!
The merfolk barely misses your merfolk zombie.
The merfolk siren chants a haunting song.
You resist with almost no effort.
Your harpy simulacrum closely misses the merfolk siren.
Your harpy simulacrum barely misses the merfolk siren.
Your merfolk zombie hits the merfolk!
The merfolk dies!
Kikubaaqudgha accepts your kill.
A glowing mist starts to gather...
The merfolk javelineer hits your merfolk zombie with a +4 spear of flaming!
The merfolk javelineer burns your merfolk zombie.
Your merfolk zombie is destroyed!
The merfolk aquamancer hits your harpy simulacrum with a +4 rapier of speed!
Your harpy simulacrum vaporises!
Your surroundings suddenly seem different.
A snapping turtle, 4 merfolk, a water nymph, Mara and a wind drake come into view.
A merfolk javelineer is wielding a +1 spear of freezing and quivering silver javelins.
A merfolk impaler is wielding a +2 demon trident of freezing.
A merfolk javelineer is wielding a +0 spear of flaming and quivering silver javelins.
Mara is wielding a +1 demon whip of venom.
The snapping turtle hisses angrily.
The merfolk impaler hits you from afar with a +2 demon trident of freezing!
* * * LOW HITPOINT WARNING * * *
The merfolk impaler freezes you.
* * * LOW HITPOINT WARNING * * *
The merfolk javelineer throws a silver javelin.
The silver javelin pierces through you!
* * * LOW HITPOINT WARNING * * *
x2 The merfolk javelineer throws a silver javelin.
The silver javelin pierces through you!
* * * LOW HITPOINT WARNING * * *
x2 The merfolk impaler hits you from afar with a +2 demon trident of freezing!!
You die...
Kikubaaqudgha rasps: "You have failed me!
Welcome... oblivion!"

≈~~~~~~~~~~~~~~
≈~~~~~[~~~~~~~######
~~~~~~..~~~^~~#♣...♣#
~~~~.<....^~~~#.^.#.#
~~~........m.^#^)^.$#
~~........m.Z.#.#.#[#
~..t~..m..k.)m°.Z....:#
..~~~~~...mR)m)^.).#.#[#
...~~~~...@mm.tZ.)..^.!#
~~~≈≈~~~..m~...^.#)#.#(#
.~~≈≈≈~~)..~~...Z^#^.^..#
...~≈≈≈≈~~~.~~.^...#...#.# ≈≈
.....≈≈≈≈~~~.~~.....#♣.^.♣#≈≈≈
<....~≈≈≈~~~....^...#######≈≈≈
.....~~≈≈~~~.............~~~≈≈
.....~~~~~~~..............~~≈≈
P....~~~~~~..........Z....~~≈≈


You could see Mara, a merfolk impaler, 4 merfolk javelineers, 2 merfolk
aquamancers, 2 snapping turtles, a wind drake (repels missiles), a merfolk
siren, a water nymph, a friendly spectral snapping turtle, a friendly spectral
merfolk, a friendly sea snake simulacrum and a friendly merfolk zombie.

Vanquished Creatures
  A tentacled monstrosity (Shoals:3)
  Polyphemus (Shoals:3)
  3 nagarajas
  Ilsuiw (Shoals:2)
  Louise (Shoals:3)
  A merfolk javelineer (Shoals:1)
  A merfolk impaler (Shoals:3)
  A salamander tyrant (Snake:4)
  5 hydras
  2 boulder beetles (D:11)
  4 anacondas
  A two-headed ogre (D:12)
  5 naga warriors
  2 death yaks (Shoals:3)
  3 orc high priests
  2 shock serpents (Snake:1)
  3 naga sharpshooters
  A salamander mystic (Snake:4)
  An anaconda zombie (Snake:4)
  Nergalle (Lair:1)
  2 sea snakes (Shoals:4)
  3 naga ritualists
  4 orc knights (Orc:2)
  A harpy (Shoals:2)
  3 mana vipers
  7 orc sorcerers
  2 ugly things
  4 manticores
  4 cyclopes
  9 salamanders
  3 elephants (Lair:5)
  A merfolk siren (Shoals:2)
  2 apocalypse crabs (Shoals:3)
  18 black mambas
  A water nymph (Shoals:3)
  3 naga magi
  4 guardian serpents
  A gargoyle (D:12)
  3 cane toads
  A yaktaur (D:11)
  2 kobold demonologists (D:11)
  3 komodo dragons
  A wind drake (Shoals:4)
  5 merfolk
  5 trolls
  3 dream sheep
  7 blink frogs
  A snapping turtle (Shoals:3)
  19 yaks
  A black mamba zombie (Snake:4)
  A vampire (D:10)
  A wraith (D:11)
  2 basilisks
  10 vampire mosquitoes
  A steam dragon (D:8)
  A merfolk zombie (Shoals:3)
  15 nagas
  A salamander zombie (Snake:3)
  3 wargs
  3 acid dragons (D:10)
  A water moccasin (D:7)
  A hell hound (Lair:5)
  A cane toad zombie (Lair:2)
  16 orc warriors
  A sky beast (D:6)
  A blink frog zombie (Lair:2)
  A black bear (Lair:2)
  3 wolves
  An ogre (Orc:2)
  5 centaurs
  A gnoll sergeant (D:12)
  A necrophage (D:4)
  2 scorpions
  A cyclops zombie (Orc:2)
  6 bullfrogs
  6 killer bees
  6 orc priests
  A hound (D:6)
  11 orc wizards
  2 iguanas
  A hell rat (Lair:1)
  A naga zombie (Snake:4)
  2 gnolls
  5 adders
  A white imp (D:7)
  An ufetubus (D:5)
  A worm (D:3)
  30 orcs
  2 ball pythons
  3 bats
  3 endoplasms
  A giant cockroach (D:4)
  A goblin (D:1)
  A hobgoblin (D:3)
  A jackal (D:1)
  4 kobolds
  2 quokkas
  A frilled lizard (D:2)
  6 orc zombies
  4 rats
340 creatures vanquished.

Vanquished Creatures (collateral kills)
  The ghost of Kehicw the Executioner, an adept HOBr of Okawaru (Shoals:4)
  The ghost of TuffENuff the Warrior, an adept FoFi of Cheibriados (Snake:1)
  2 krakens
  Roxanne (Shoals:3)
  2 nagarajas (Snake:4)
  Aizul (Snake:4)
  6 merfolk impalers
  A fire dragon (Lair:5)
  A salamander tyrant (Snake:4)
  3 hydras (Lair:5)
  An ogre mage (D:11)
  A catoblepas (Shoals:3)
  A centaur warrior (Shoals:4)
  2 alligator snapping turtles
  3 merfolk aquamancers
  7 anacondas
  A boulder beetle (Lair:2)
  2 two-headed ogres (D:11)
  2 merfolk avatars (Shoals:4)
  A satyr (Shoals:3)
  10 naga warriors
  2 death yaks (Shoals:3)
  A tengu warrior (D:11)
  2 shock serpents
  2 orc high priests (Orc:2)
  3 naga sharpshooters
  5 salamander mystics
  6 sea snakes
  10 naga ritualists
  A lindwurm (Lair:5)
  15 harpies
  An ugly thing (D:11)
  An orc knight (Orc:2)
  12 mana vipers
  A cyclops (D:11)
  5 fauns
  6 manticores
  11 elephants
  2 orc sorcerers (Orc:2)
  6 salamanders
  4 guardian serpents
  11 merfolk sirens
  3 molten gargoyles (Lair:5)
  23 black mambas
  7 cane toads
  9 naga magi
  An eye of devastation (shapeshifter) (D:11)
  An apocalypse crab (Shoals:3)
  3 water nymphs
  3 rime drakes
  A gargoyle (D:11)
  A freezing wraith (D:9)
  9 komodo dragons
  A polar bear (Lair:5)
  A troll (D:12)
  21 merfolk
  2 wind drakes (Shoals:4)
  3 dream sheep
  7 blink frogs
  7 snapping turtles
  5 water elementals
  35 yaks
  5 wyverns
  4 wraiths
  2 basilisks
  5 vampire mosquitoes
  26 nagas
  Edmund (D:4)
  An acid dragon (D:8)
  7 water moccasins
  Duvessa (D:7)
  3 hell hounds (Lair:5)
  An ice beast (D:6)
  12 orc warriors
  5 black bears
  A sky beast (D:7)
  10 wolves
  An ogre (Orc:2)
  3 centaurs
  A phantom (D:4)
  A kobold brigand (D:9)
  3 gnoll sergeants
  13 bullfrogs
  A necrophage (D:8)
  A scorpion (D:6)
  11 wights
  Dowan (D:7)
  4 killer bees (D:9)
  3 jellies
  A howler monkey (D:11)
  A bullfrog zombie (Lair:2)
  4 lava snakes (Lair:5)
  A hound (D:5)
  15 orc priests
  5 iguanas
  8 orc wizards
  A hell rat (Lair:1)
  7 gnolls
  4 adders
  8 river rats (Lair:1)
  A shadow imp (D:6)
  An ufetubus (D:6)
  A dart slug (D:1)
  47 orcs
  3 ball pythons
  2 bats (D:3)
  2 endoplasms
  2 giant cockroaches
  3 goblins
  3 hobgoblins
  3 jackals (D:1)
  10 kobolds
  2 quokkas
  An orc zombie (Orc:2)
  2 rats
  3 plants (Shoals:2)
568 creatures vanquished.

Vanquished Creatures (others)
  A merfolk javelineer (Shoals:3)
  2 hydras (Lair:3)
  2 demonspawn (D:1)
  2 centaur warriors
  An alligator snapping turtle (Shoals:3)
  5 guardian serpent zombies (Snake:4)
  An anaconda (Snake:2)
  A merfolk aquamancer (Shoals:4)
  A shock serpent (Snake:1)
  A naga sharpshooter (Snake:1)
  An anaconda zombie (Snake:2)
  3 sea snakes
  3 harpies
  An orc knight (Orc:2)
  An orc sorcerer (Orc:2)
  4 fauns
  2 manticores
  A water nymph (Shoals:1)
  2 merfolk sirens
  A centaur zombie (Shoals:4)
  A guardian serpent (Snake:1)
  A vine stalker (D:1)
  5 black mambas
  2 naga magi (Snake:4)
  A gargoyle (D:1)
  A sea snake zombie (Shoals:4)
  An elf (D:1)
  A komodo dragon (Lair:2)
  A troll (D:1)
  3 merfolk
  3 hydra zombies
  2 harpy zombies (Shoals:2)
  2 wind drakes
  2 blink frogs (Lair:5)
  A dream sheep (Lair:4)
  2 snapping turtles
  A formicid (D:1)
  6 black mamba zombies
  4 yaks
  A wind drake zombie (Shoals:4)
  A spriggan (Lair:3)
  A wyvern (Lair:5)
  2 two-headed ogre zombies (D:11)
  A faun zombie (Shoals:4)
  4 nagas
  12 merfolk zombies
  A water moccasin (Lair:5)
  2 orc warriors (Orc:2)
  2 dwarves (D:1)
  A snapping turtle zombie (Shoals:4)
  3 black bears (D:8)
  4 blink frog zombies
  2 manticore zombies
  2 ogres
  2 wolves
  A vampire mosquito zombie (D:11)
  2 felids (D:1)
  A centaur (D:5)
  A rime drake zombie (Lair:5)
  8 salamander zombies
  A komodo dragon zombie (Lair:2)
  3 bullfrogs
  2 cyclops zombies (D:11)
  2 scorpions
  2 water moccasin zombies
  2 warg zombies (Orc:2)
  27 naga zombies
  2 troll zombies
  6 killer bees
  A bullfrog zombie (Lair:2)
  A black bear zombie (Lair:2)
  2 orc wizards (D:5)
  2 killer bee zombies (D:9)
  2 ogre zombies (Orc:2)
  A mummy (D:1)
  A howler monkey zombie (D:11)
  4 river rat zombies (Lair:1)
  3 kobold zombies
  50 orc zombies
  A bush (Lair:3)
  56 fungi
  124 plants
  16 tentacles
441 creatures vanquished.

Grand Total: 1349 creatures vanquished

Notes
Turn   | Place    | Note
-------+----------+-------------------------------------------
     0 | D:1      | sentinel the Mummy Wanderer began the quest for the Orb.
     0 | D:1      | sentinel set off with the following items: a +0 club, a +0
                  | robe, a +0 cloak, a scroll of teleportation; and the
                  | following spells available to memorise: Apportation, Summon
                  | Small Mammal, Call Imp, Lesser Beckoning, Summon Guardian
                  | Golem.
     0 | D:1      | Reached XP level 1. HP: 15/15 MP: 2/2
     2 | D:1      | Learned a level 1 spell: Apportation
     3 | D:1      | Killed a merfolk
     3 | D:1      | Killed a felid
     3 | D:1      | Killed an ogre
     3 | D:1      | Killed an elf
     4 | D:1      | Learned a level 1 spell: Summon Small Mammal
     5 | D:1      | Killed a gargoyle
     5 | D:1      | Killed a demonspawn
     9 | D:1      | Noticed a felid
     9 | D:1      | Noticed a troll
     9 | D:1      | Noticed a vine stalker
     9 | D:1      | Noticed a kraken
     9 | D:1      | Noticed a formicid
     9 | D:1      | Noticed a naga
     9 | D:1      | Noticed a demonspawn
     9 | D:1      | Noticed a dwarf
     9 | D:1      | Noticed a dwarf
    12 | D:1      | Killed a vine stalker
    13 | D:1      | Killed a felid
    14 | D:1      | Killed a troll
    14 | D:1      | Killed a dwarf
    15 | D:1      | Killed a dwarf
    15 | D:1      | Killed a naga
    16 | D:1      | Killed a demonspawn
    17 | D:1      | Killed a formicid
    99 | D:1      | Reached skill level 2 in Spellcasting
   114 | D:1      | Reached XP level 2. HP: 20/21 MP: 1/5
   129 | D:1      | Learned a level 2 spell: Call Imp
   250 | D:2      | Found a faded altar of an unknown god.
   438 | D:1      | Gained mutation: You are in touch with the powers of death.
                  | [Mummy growth]
   438 | D:1      | Reached XP level 3. HP: 26/26 MP: 4/7
   555 | D:3      | Found a large runed translucent door.
   728 | D:3      | Reached skill level 3 in Spellcasting
  1000 | D:4      | Noticed a necrophage
  1131 | D:3      | Reached skill level 1 in Hexes
  1131 | D:3      | Reached XP level 4. HP: 16/32 MP: 4/8
  1159 | D:3      | Found an iron altar of Okawaru.
  1167 | D:3      | Learned a level 3 spell: Summon Guardian Golem
  1478 | D:4      | Killed a necrophage
  1479 | D:4      | Reached skill level 4 in Spellcasting
  1479 | D:4      | Reached XP level 5. HP: 20/37 MP: 4/11
  1500 | D:4      | Found Esiohyh's Armour Emporium.
  1521 | D:5      | Entered Level 5 of the Dungeon
  1592 | D:5      | Noticed a centaur
  1600 | D:5      | Killed a centaur
  1601 | D:5      | Reached XP level 6. HP: 11/43 MP: 5/13
  1612 | D:5      | Reached skill level 5 in Spellcasting
  1896 | D:5      | Found a stormy altar of Qazlal.
  1921 | D:5      | Reached XP level 7. HP: 48/48 MP: 6/15
  1928 | D:5      | Learned a level 3 spell: Mephitic Cloud
  2063 | D:4      | Reached skill level 6 in Spellcasting
  2074 | D:4      | Bought a +1 robe of willpower for 139 gold pieces
  2087 | D:5      | You fall into a shaft and drop 3 floors!
  2096 | D:8      | Noticed a steam dragon
  2116 | D:8      | Killed a steam dragon
  2117 | D:8      | Reached skill level 1 in Conjurations
  2117 | D:8      | Reached skill level 1 in Air Magic
  2117 | D:8      | Reached skill level 1 in Poison Magic
  2139 | D:8      | Found a bloodstained altar of Trog.
  2234 | D:8      | Noticed a yak
  2246 | D:8      | Noticed a yak
  2247 | D:8      | Noticed a yak
  2248 | D:8      | Noticed a yak
  2276 | D:8      | Reached XP level 8. HP: 28/54 MP: 0/17
  2309 | D:8      | Reached skill level 7 in Spellcasting
  2309 | D:8      | Reached skill level 5 in Summonings
  2357 | D:8      | Found a staircase to the Lair.
  2444 | D:7      | Reached skill level 8 in Spellcasting
  2527 | D:7      | Reached XP level 9. HP: 43/59 MP: 1/21
  2558 | D:7      | Learned a level 4 spell: Summon Lightning Spire
  2858 | D:6      | Reached skill level 5 in Fighting
  3125 | D:5      | Reached skill level 1 in Short Blades
  3153 | D:5      | Identified the +3 ring mail of the Thirteen Shrikes {Dex+8}
  3249 | D:6      | Found a staircase to the Ecumenical Temple.
  3272 | Temple   | Entered the Ecumenical Temple
  3512 | D:7      | Noticed Dowan
  3523 | D:7      | Killed Dowan
  3600 | D:7      | Noticed Duvessa
  3613 | D:7      | Killed Duvessa
  3813 | D:8      | Reached XP level 10. HP: 80/80 MP: 7/22
  3816 | D:8      | Learned a level 2 spell: Passwall
  3818 | D:8      | Reached skill level 1 in Necromancy
  3889 | D:9      | Learned a level 3 spell: Swiftness
  3893 | D:9      | Learned a level 3 spell: Ignite Poison
  3897 | D:9      | Learned a level 3 spell: Ozocubu's Armour
  3927 | D:9      | Reached skill level 1 in Fire Magic
  4151 | D:8      | Identified the ring "Fets" {Fly rC+ rN+++ Str-4 Dex-3}
  4173 | D:8      | Reached skill level 5 in Necromancy
  4761 | D:3      | Found a snail-covered altar of Cheibriados.
  4833 | D:4      | Noticed Edmund
  4860 | D:4      | Killed Edmund
  4885 | D:3      | Found a hide-covered altar of Uskayaw.
  4893 | D:3      | Found a large runed translucent door.
  4896 | D:3      | Found an ancient bone altar of Kikubaaqudgha.
  4908 | D:3      | Became a worshipper of Kikubaaqudgha
  5080 | Lair:1   | Entered Level 1 of the Lair of Beasts
  5089 | Lair:1   | Reached skill level 1 in Ice Magic
  5184 | Lair:1   | Reached XP level 11. HP: 74/85 MP: 1/23
  5239 | Lair:1   | Noticed Nergalle
  5257 | Lair:1   | Killed Nergalle
  5501 | Lair:1   | Reached * piety under Kikubaaqudgha
  5501 | Lair:1   | Received a gift from Kikubaaqudgha
  5511 | Lair:1   | Reached skill level 9 in Spellcasting
  5522 | Lair:1   | Learned a level 4 spell: Animate Dead
  5673 | Lair:2   | Reached skill level 10 in Spellcasting
  5798 | Lair:2   | Noticed a boulder beetle
  6074 | Lair:2   | Identified a scroll of acquirement
  6096 | Lair:2   | Killed a boulder beetle
  6097 | Lair:2   | Reached skill level 11 in Spellcasting
  6142 | Lair:2   | Reached skill level 5 in Ice Magic
  6276 | Lair:2   | Reached ** piety under Kikubaaqudgha
  6386 | Lair:3   | Reached XP level 12. HP: 65/92 MP: 19/27
  6402 | Lair:3   | Learned a level 4 spell: Anguish
  6462 | Lair:3   | Noticed a five-headed hydra
  6476 | Lair:3   | Killed a five-headed hydra
  6547 | Lair:3   | Reached skill level 12 in Spellcasting
  6741 | Lair:3   | Noticed a seven-headed hydra
  6749 | Lair:3   | Killed a seven-headed hydra
  6944 | Lair:4   | Reached *** piety under Kikubaaqudgha
  6944 | Lair:4   | Received a gift from Kikubaaqudgha
  6951 | Lair:4   | Learned a level 5 spell: Borgnjor's Vile Clutch
  6986 | Lair:5   | Entered Level 5 of the Lair of Beasts
  7038 | Lair:4   | Noticed a seven-headed hydra
  7045 | Lair:4   | Killed a seven-headed hydra
  7046 | Lair:4   | Reached skill level 13 in Spellcasting
  7046 | Lair:4   | Reached skill level 1 in Earth Magic
  7173 | Lair:5   | Noticed a six-headed hydra
  7183 | Lair:5   | Killed a six-headed hydra
  7396 | Lair:5   | Gained mutation: You are strongly in touch with the powers
                  | of death. [Mummy growth]
  7396 | Lair:5   | Reached XP level 13. HP: 98/98 MP: 16/30
  7568 | Lair:2   | Found a staircase to the Shoals.
  7937 | D:9      | Reached **** piety under Kikubaaqudgha
  7955 | D:9      | Learned a level 6 spell: Simulacrum
  7987 | D:10     | Entered Level 10 of the Dungeon
  8257 | D:10     | Reached skill level 14 in Spellcasting
  8359 | D:11     | Found a large runed translucent door.
  8359 | D:11     | Found a large runed translucent door.
  8362 | D:11     | Found a large runed translucent door.
  8362 | D:11     | Found a large runed translucent door.
  8385 | D:11     | Reached skill level 15 in Spellcasting
  8404 | D:11     | Identified the +4 shortbow of Hiuniel {flame, rElec rPois
                  | Will- Dex+6}
  8422 | D:11     | Identified the +6 lajatang of Wrath {holy, rElec Dex+5}
  8592 | D:11     | Reached skill level 16 in Spellcasting
  9088 | D:11     | Reached skill level 5 in Earth Magic
  9308 | D:12     | Reached ***** piety under Kikubaaqudgha
  9309 | D:12     | Found a staircase to the Orcish Mines.
  9477 | D:12     | Found Muyshou's Antique Armour Shop.
  9480 | D:12     | Bought a pair of boots for 126 gold pieces
  9526 | D:12     | Found Voplyrchu's Assorted Antiques.
  9614 | D:12     | Learned a level 5 spell: Freezing Cloud
  9663 | Orc:1    | Entered Level 1 of the Orcish Mines
  9811 | Orc:1    | Reached XP level 14. HP: 99/104 MP: 9/34
  9940 | Orc:2    | Entered Level 2 of the Orcish Mines
  9950 | Orc:2    | Reached skill level 10 in Necromancy
 10003 | Orc:2    | Noticed Aldia's ghost (journeyman KoDe)
 10022 | Orc:2    | Found a transporter.
 10023 | Orc:2    | Found a transporter.
 10135 | Orc:2    | Found a staircase to the Elven Halls.
 10294 | Orc:2    | Reached skill level 17 in Spellcasting
 10297 | Orc:2    | Found Isokhlal's Book Shop.
 10322 | Orc:2    | Paralysed by an orc sorcerer for 2 turns
 10751 | Orc:2    | Found Heesm's Distillery.
 10752 | Orc:2    | Found Peloi's Armour Emporium.
 10757 | Orc:2    | Found Ilomn's Jewellery Emporium.
 10781 | Orc:2    | Bought an amulet of magic regeneration for 420 gold pieces
 11041 | D:12     | Bought a bloodstained helmet for 266 gold pieces
 11041 | D:12     | Identified the +2 helmet "Oronigho" {*Corrode Slay+2 SInv}
                  | (You bought it in a shop on level 12 of the Dungeon)
 11068 | D:12     | Found Suassocw's Antique Armour Shop.
 11073 | D:12     | Bought a pair of glowing boots for 262 gold pieces
 11166 | D:12     | Reached ****** piety under Kikubaaqudgha
 11167 | D:12     | Received a gift from Kikubaaqudgha
 11306 | D:10     | Learned a level 6 spell: Death Channel
 11564 | Lair:5   | Found a viscous altar of Jiyva.
 11564 | Lair:5   | Found a staircase to the Slime Pits.
 11671 | Lair:5   | Found a large runed translucent door.
 11714 | Lair:5   | Reached skill level 10 in Fighting
 11716 | Lair:5   | Found a large runed translucent door.
 11756 | Lair:5   | Identified the +0 ring mail of Buzuonodo {-Cast Drain rC+++
                  | Slay+2}
 11914 | Lair:3   | Found a staircase to the Snake Pit.
 11948 | Snake:1  | Entered Level 1 of the Snake Pit
 11976 | Snake:1  | Found a runed translucent door.
 11976 | Snake:1  | Noticed TuffENuff's ghost (adept FoFi)
 12021 | Snake:1  | Killed TuffENuff's ghost
 12046 | Snake:1  | Reached XP level 15. HP: 94/117 MP: 21/36
 12083 | Snake:1  | Reached skill level 5 in Air Magic
 12170 | Snake:1  | Reached skill level 5 in Conjurations
 12258 | Snake:2  | Noticed a nagaraja
 12264 | Snake:2  | Killed a nagaraja
 12265 | Snake:2  | Reached skill level 18 in Spellcasting
 12489 | Snake:3  | Reached skill level 1 in Evocations
 12544 | Snake:2  | Noticed a nagaraja
 12551 | Snake:2  | Killed a nagaraja
 12686 | Snake:3  | Reached XP level 16. HP: 130/133 MP: 26/38
 12848 | Snake:4  | Entered Level 4 of the Snake Pit
 12891 | Snake:4  | Reached skill level 5 in Evocations
 13134 | Snake:4  | Noticed Aizul
 13140 | Snake:4  | Killed Aizul
 13150 | Snake:4  | Your ally Aizul died
 13175 | Snake:4  | Reached skill level 5 in Dodging
 13356 | Snake:4  | Reached skill level 1 in Shields
 13392 | Snake:4  | Got a serpentine rune of Zot
 13475 | Snake:3  | Found Xockuag's Armour Shop.
 13554 | Snake:1  | Identified the +1 helmet "Sinu" {Rampage}
 13621 | Shoals:1 | Entered Level 1 of the Shoals
 13694 | Shoals:1 | Identified the +5 trident "Ultimatum" {antimagic, rN+}
 13725 | Shoals:1 | Noticed a kraken
 13770 | Shoals:1 | Killed a kraken
 13842 | Shoals:2 | Killed Ilsuiw
 13867 | Shoals:2 | Reached XP level 17. HP: 119/139 MP: 26/39
 14009 | Shoals:2 | Reached skill level 5 in Armour
 14100 | Shoals:3 | Noticed Louise
 14100 | Shoals:3 | Noticed Polyphemus
 14146 | Shoals:3 | Reached skill level 5 in Shields
 14159 | Shoals:3 | Noticed a kraken
 14167 | Shoals:3 | Killed a kraken
 14240 | Shoals:3 | Identified the ring of Gozag's Delight {Fire Will- rCorr
                  | Dex+3}
 14242 | Shoals:3 | Got the Directory of Mad Ravings
 14251 | Shoals:3 | Noticed a tentacled monstrosity
 14257 | Shoals:3 | Killed a tentacled monstrosity
 14319 | Shoals:3 | Noticed Roxanne
 14342 | Shoals:3 | Killed Roxanne
 14550 | Shoals:3 | Killed Louise
 14656 | Shoals:3 | Killed Polyphemus
 14748 | Shoals:4 | Entered Level 4 of the Shoals
 14819 | Shoals:4 | Found a runed translucent gate.
 14829 | Shoals:4 | Found a runed translucent gate.
 14869 | Shoals:4 | Got the Almanac of Frostbitten Blows and Bruises
 14887 | Shoals:4 | Found a runed translucent gate.
 14888 | Shoals:4 | Noticed Kehicw's ghost (adept HOBr)
 14951 | Shoals:4 | Killed Kehicw's ghost
 14956 | Shoals:4 | Identified the +1 pair of boots "Qazej" {Str+5 Int-5 Dex+5}
 14966 | Shoals:4 | Noticed Mara
 14966 | Shoals:4 | Demolished by a merfolk impaler

Illustrated notes

Levels and vault maps discovered:
D:1:      nicolae_arrival_kraken_aquarium_b, layout_basic,
          minmay_misc_feat_encased
D:2:      layout_basic, shapermc_ecumenical_altar_mp_vishouse
D:3:      layout_basic, nicolae_overflow_crystal_walls, jmf_multi_god_temple2,
          mainiacjoe_overflow_catch_the_wave, dk_noncrumbling_4,
          chequers_serial_rivers_small_b
D:4:      layout_rooms, serial_bayou, serial_bayou_pond_c,
          serial_bayou_crossing, serial_bayou_pond_d, serial_bayou_pond_e,
          serial_shops, shop, uniq_edmund
D:5:      layout_cave_pools, nicolae_qazlal_eye_of_the_storm,
          nrook_loot_triangle, palyth_stone_intersect
D:6:      minmay_inner_zag, layout_loops_corners, minmay_temple_entry_offerings,
          minmay_misc_feat_five, minmay_pentangle
D:7:      layout_loops_ring, minmay_crossroads, uniq_duvessa
D:8:      layout_gridville, lemuel_crystal_altar, due_lair_maze_entry_diamond,
          dk_vineyard_1
D:9:      layout_roguey
D:10:     layout_loops_cross
D:11:     minmay_the_grid_four_pointed_star_mashed
          [minmay_the_grid_triangle_9x9_semitri,
          minmay_the_grid_triangle_9x9_checkered,
          minmay_the_grid_triangle_9x9_windchime,
          minmay_the_grid_triangle_9x9_zippers_vertical,
          minmay_the_grid_prize_four_corners_diamond_a], layout_irregular_city,
          minmay_hollow_rounded_squares
D:12:     layout_gridville, david_orc_5, serial_shops, shop,
          nicolae_diamond_shop, kennysheep_mini_moat, shop, fedhas_altar_4
D:13:     layout_roguey, skrybe_vaults_entry_preservation, portal_ice_cave_rime,
          grunt_ministairs_6, minmay_misc_feat_square, uniq_urug, uniq_azrael
Temple:   regret_index_temple_waves
Lair:1:   layout_hall_layers, nicolae_lair_lil_pond, kennysheep_rathole,
          infiniplex_staircase_pool, grunt_megastairs_3, uniq_nergalle
Lair:2:   layout_hall_layers, elwin_shoals_entry_rocks, beast_lair_carwin_1
Lair:3:   layout_big_grid, guppyfry_snake_entry_garden,
          grunt_forest_large_clearing_hut
Lair:4:   layout_cave_pods, serial_bayou_shore_a
Lair:5:   cheibrodos_lair_end_hotspot, layout_regular_city,
          dpeg_slime_entry_enclosed, nicolae_volcano_entry_s_turn,
          chequers_serial_rivers_micro_e, lemuel_fruit_tree
Shoals:1: layout_shoals, serial_shops, shop
Shoals:2: layout_shoals, uniq_ilsuiw
Shoals:3: dreamdust_from_the_deep, layout_shoals, uniq_louise, uniq_polyphemus,
          uniq_roxanne
Shoals:4: shoals_end_grunt_ice, layout_shoals, gammafunk_ghost_tricky_traps,
          uniq_mara
Snake:1:  layout_onion_interference, special_room,
          hellmonk_ghost_happy_afterlife, drop_trap
Snake:2:  layout_misc_corridors, abandoned_shop, nicolae_snake_gridmaze_tees
Snake:3:  layout_honeycomb, serial_shops, shop
Snake:4:  johnstein_snake_rune_scales, layout_cave_town, uniq_aizul
Orc:1:    layout_caves
Orc:2:    st_orc_elflike, layout_diamond_mine, gammafunk_ghost_smash

Skill      XL: |  1  2  3  4  5  6  7  8  9 10 11 12 13 14 15 16 17 |
---------------+----------------------------------------------------+-----
Spellcasting   | 2 3 4 5 6 8 11 13 16 17 18 | 18.0
Summonings     | 2 3 4 6 7 |  7.2
Hexes          | 1 2 |  2.0
Conjurations   | 1 2 6 |  6.0
Air Magic      | 1 2 4 6 |  6.0
Poison Magic   | 1 2 |  2.0
Fighting       | 7 10 14 | 14.0
Short Blades   | 4 |  4.0
Necromancy     | 6 7 8 9 12 | 12.0
Fire Magic     | 3 |  3.9
Ice Magic      | 2 5 6 7 9 |  9.0
Earth Magic    | 3 5 |  5.0
Evocations     | 3 7 |  7.0
Dodging        | 6 |  6.0
Shields        | 3 9 |  9.5
Armour         | 4 6 |  6.0
Translocations | |  2.4

Action                   |  1- 3 |  4- 6 |  7- 9 | 10-12 | 13-15 | 16-18 || total
-------------------------+-------+-------+-------+-------+-------+-------++-------
Melee: Club              |    18 |       |       |       |       |       ||    18
       Spear             |    97 |       |       |       |       |       ||    97
       Punch             |     1 |       |     2 |     5 |     1 |       ||     9
       Dagger            |       |    51 |   183 |    83 |     9 |       ||   326
       Rapier            |       |       |     3 |   118 |   100 |       ||   221
 Fire: Sling             |       |     1 |     8 |       |       |       ||     9
 Cast: Summon Small Mamm |    30 |     8 |     4 |       |       |       ||    42
       Call Imp          |    18 |     9 |    28 |     3 |       |       ||    58
       Summon Guardian G |       |     7 |    18 |    12 |       |       ||    37
       Summon Lightning  |       |       |    22 |    64 |    28 |       ||   114
       Mephitic Cloud    |       |       |    13 |    27 |     7 |       ||    47
       Apportation       |       |       |     1 |    13 |    79 |    33 ||   126
       Passwall          |       |       |       |     7 |     9 |     8 ||    24
       Ignite Poison     |       |       |       |     5 |     1 |       ||     6
       Animate Dead      |       |       |       |    14 |    17 |     8 ||    39
       Ozocubu's Armour  |       |       |       |     2 |     1 |       ||     3
       Anguish           |       |       |       |    13 |     2 |     1 ||    16
       Borgnjor's Vile C |       |       |       |     6 |   108 |    58 ||   172
       Simulacrum        |       |       |       |       |    56 |    80 ||   136
       Freezing Cloud    |       |       |       |       |    28 |    27 ||    55
       Swiftness         |       |       |       |       |     1 |     1 ||     2
       Death Channel     |       |       |       |       |     6 |    19 ||    25
Invok: Unearth Wretches  |       |       |       |     1 |     6 |    11 ||    18
       Receive Forbidden |       |       |       |       |     1 |       ||     1
Evoke: Wand              |       |       |       |     4 |    12 |     4 ||    20
       Lightning rod     |       |       |       |       |     7 |     2 ||     9
  Use: Scroll            |     2 |     3 |     8 |    12 |     6 |     5 ||    36
 Stab: Distracted        |       |     1 |     3 |     2 |     3 |       ||     9
       Confused          |       |       |     2 |     4 |       |       ||     6
Armor: Robe              |    23 |    12 |    92 |    69 |    72 |       ||   268
       Leather armour    |       |       |       |       |    47 |    18 ||    65
       Troll leather arm |       |       |       |       |    45 |    10 ||    55
Dodge: Dodged            |   109 |    60 |   206 |   198 |   257 |    46 ||   876
Block: Buckler           |       |       |       |       |       |    18 ||    18
       Reflection        |       |       |       |       |       |     6 ||     6
